TOP OF THE 1ST |
San Diego Smashers batting - Pitching for Riverside Red Bulls : RHP Juan Padilla
|
Pitching: RHP Juan Padilla
|
|
Batting: RHB Gerald Davis
|
0-0: Ball 1-0: Foul Ball, location: 2F 1-1: Ball 2-1: Called Strike 2-2: Ball 3-2: Base on Balls
|
Batting: LHB Ryan Rheaume
|
0-0: Ball 1-0: Called Strike 1-1: Called Strike 1-2: Strikes out swinging
|
Batting: LHB Steven Smith
|
0-0: Ball 1-0: Called Strike 1-1: Ball 2-1: Called Strike 2-2: Strikes out swinging
|
Batting: RHB Juan García
|
Balk! Gerald Davis to second 0-0: Foul Ball, location: 2F 0-1: Called Strike 0-2: Strikes out looking
|
Top of the 1st over - 0 runs, 0 hits, 0 errors, 1 left on base; San Diego 0 - Riverside 0 |
BOTTOM OF THE 1ST |
Riverside Red Bulls batting - Pitching for San Diego Smashers : LHP Brock Saunders
|
Pitching: LHP Brock Saunders
|
|
Batting: RHB Bobby Miller
|
0-0: Ground out 6-3 (Groundball, 6)
|
Batting: LHB Miguel Gálvez
|
0-0: Ball 1-0: Ball 2-0: Called Strike 2-1: Ball 3-1: Base on Balls
|
Batting: LHB Gabriel Estrada
|
0-0: Called Strike Miguel Gálvez is caught stealing 2nd base 0-1: Ball 1-1: SOLO HOME RUN (Line Drive, 9LD), Distance : 384 ft
|
Batting: RHB John Burton
|
0-0: Called Strike 0-1: Swinging Strike 0-2: Ball 1-2: Ball 2-2: Ball 3-2: Strikes out swinging
|
Bottom of the 1st over - 1 run, 1 hit, 0 errors, 0 left on base; San Diego 0 - Riverside 1 |
TOP OF THE 2ND |
San Diego Smashers batting - Pitching for Riverside Red Bulls : RHP Juan Padilla
|
Batting: RHB Ray Rogers
|
0-0: Ball 1-0: Foul Ball, location: 2F 1-1: Ground out 5-3 (Groundball, 56)
|
Batting: RHB Jake Lawrence
|
0-0: Ball 1-0: Foul Ball, location: 2F 1-1: Foul Ball, location: 2F 1-2: Strikes out swinging
|
Batting: RHB Ramón Ramírez
|
0-0: Swinging Strike 0-1: Swinging Strike 0-2: Ball 1-2: Ground out 5-3 (Groundball, 5)
|
Top of the 2nd over - 0 runs, 0 hits, 0 errors, 0 left on base; San Diego 0 - Riverside 1 |
BOTTOM OF THE 2ND |
Riverside Red Bulls batting - Pitching for San Diego Smashers : LHP Brock Saunders
|
Batting: RHB Robert Stevens
|
0-0: Ball 1-0: Ball 2-0: Reached on error, E1 (Groundball, 13S)
|
Batting: LHB Jesús Ferreira
|
0-0: Fly out, F9 (Flyball, 9LS)
|
Batting: RHB Juan Morales
|
0-0: Called Strike 0-1: Called Strike 0-2: Ball 1-2: Strikes out swinging
|
Batting: RHB Pete Woods
|
0-0: Ball 1-0: Foul Ball, location: 2F 1-1: Called Strike 1-2: Ball 2-2: Foul Ball, location: 2F 2-2: Ball 3-2: Base on Balls
|
Batting: RHB Luis Flores
|
0-0: Ball 1-0: Foul Ball, location: 2F 1-1: Ball 2-1: Ball 3-1: Fly out, F9 (Flyball, 9D)
|
Bottom of the 2nd over - 0 runs, 0 hits, 1 error, 2 left on base; San Diego 0 - Riverside 1 |
TOP OF THE 3RD |
San Diego Smashers batting - Pitching for Riverside Red Bulls : RHP Juan Padilla
|
Batting: RHB Manny Torrez
|
0-0: Called Strike 0-1: Ball 1-1: Foul Ball, location: 2F 1-2: Fly out, F7 (Flyball, 7LM)
|
Batting: RHB Preston Wooten
|
0-0: Called Strike 0-1: Foul Ball, location: 2F 0-2: Ball 1-2: Ball 2-2: Ball 3-2: Foul Ball, location: 2F 3-2: Ground out 6-3 (Groundball, 6)
|
Batting: RHB Gerald Davis
|
0-0: Swinging Strike 0-1: Ball 1-1: SINGLE (Flyball, 9LS)
|
Batting: LHB Ryan Rheaume
|
0-0: Ball 1-0: Hit by Pitch Gerald Davis to second
|
Batting: LHB Steven Smith
|
0-0: Ball 1-0: Called Strike 1-1: Ball 2-1: Foul Ball, location: 2F 2-2: Ball 3-2: Base on Balls Gerald Davis to third Ryan Rheaume to second
|
Batting: RHB Juan García
|
0-0: Ball 1-0: Ball 2-0: DOUBLE (Flyball, 89D) Gerald Davis scores Ryan Rheaume scores Steven Smith to third
|
Batting: RHB Ray Rogers
|
0-0: Foul Ball, location: 2F 0-1: Ball 1-1: Fly out, F9 (Flyball, 89M)
|
Top of the 3rd over - 2 runs, 2 hits, 0 errors, 2 left on base; San Diego 2 - Riverside 1 |
BOTTOM OF THE 3RD |
Riverside Red Bulls batting - Pitching for San Diego Smashers : LHP Brock Saunders
|
Batting: RHB Bobby Miller
|
0-0: Ball 1-0: Foul Ball, location: 2F 1-1: Foul Ball, location: 2F 1-2: Foul Ball, location: 2F 1-2: Ball 2-2: Strikes out swinging
|
Batting: LHB Miguel Gálvez
|
0-0: Called Strike 0-1: Foul Ball, location: 2F 0-2: Ball 1-2: Foul Ball, location: 2F 1-2: Strikes out swinging
|
Batting: LHB Gabriel Estrada
|
0-0: Ball 1-0: Called Strike 1-1: Ground out 1-3 (Groundball, 13)
|
Bottom of the 3rd over - 0 runs, 0 hits, 0 errors, 0 left on base; San Diego 2 - Riverside 1 |
TOP OF THE 4TH |
San Diego Smashers batting - Pitching for Riverside Red Bulls : RHP Juan Padilla
|
Batting: RHB Jake Lawrence
|
0-0: Called Strike 0-1: Ball 1-1: Foul Ball, location: 2F 1-2: Foul Ball, location: 2F 1-2: Fly out, F3 (Popup, 3)
|
Batting: RHB Ramón Ramírez
|
0-0: Foul Ball, location: 2F 0-1: SINGLE (Line Drive, 4M)
|
Batting: RHB Manny Torrez
|
0-0: Ball 1-0: Called Strike 1-1: Foul Ball, location: 2F 1-2: Fielders Choice at 2nd, 5-4 (Groundball, 56)
|
Batting: RHB Preston Wooten
|
0-0: Called Strike 0-1: Ball 1-1: Ball 2-1: Ball 3-1: Foul Ball, location: 2F 3-2: Foul Ball, location: 2F 3-2: Base on Balls Manny Torrez to second
|
Batting: RHB Gerald Davis
|
0-0: Ball 1-0: Ball 2-0: Foul Ball, location: 2F 2-1: Ball 3-1: Base on Balls Manny Torrez to third Preston Wooten to second
|
Batting: LHB Ryan Rheaume
|
0-0: Swinging Strike 0-1: Ball 1-1: Foul Ball, location: 2F 1-2: Strikes out looking
|
Top of the 4th over - 0 runs, 1 hit, 0 errors, 3 left on base; San Diego 2 - Riverside 1 |
BOTTOM OF THE 4TH |
Riverside Red Bulls batting - Pitching for San Diego Smashers : LHP Brock Saunders
|
Batting: RHB John Burton
|
0-0: Ball 1-0: Called Strike 1-1: Fly out, F8 (Flyball, 8RD)
|
Batting: RHB Robert Stevens
|
0-0: Foul Ball, location: 2F 0-1: Ground out 6-3 (Groundball, 6)
|
Batting: LHB Jesús Ferreira
|
0-0: Ball 1-0: Ball 2-0: Swinging Strike 2-1: Foul Ball, location: 2F 2-2: Strikes out looking
|
Bottom of the 4th over - 0 runs, 0 hits, 0 errors, 0 left on base; San Diego 2 - Riverside 1 |
TOP OF THE 5TH |
San Diego Smashers batting - Pitching for Riverside Red Bulls : RHP Juan Padilla
|
Batting: LHB Steven Smith
|
0-0: Ball 1-0: Foul Ball, location: 2F 1-1: SINGLE (Groundball, 6M) (infield hit)
|
Batting: RHB Juan García
|
0-0: Ball 1-0: Called Strike 1-1: Foul Ball, location: 2F 1-2: Strikes out looking
|
Batting: RHB Ray Rogers
|
0-0: Called Strike 0-1: Foul Ball, location: 2F 0-2: Strikes out looking
|
Batting: RHB Jake Lawrence
|
0-0: Ball Passed Ball! Steven Smith to second 1-0: Fly out, F7 (Flyball, 7D)
|
Top of the 5th over - 0 runs, 1 hit, 0 errors, 1 left on base; San Diego 2 - Riverside 1 |
BOTTOM OF THE 5TH |
Riverside Red Bulls batting - Pitching for San Diego Smashers : LHP Brock Saunders
|
Batting: RHB Juan Morales
|
0-0: Called Strike 0-1: Called Strike 0-2: Ball 1-2: Ball 2-2: Ball 3-2: Fly out, F8 (Flyball, 89D)
|
Batting: RHB Pete Woods
|
0-0: Called Strike 0-1: Swinging Strike 0-2: Fly out, F8 (Line Drive, 8LS)
|
Batting: RHB Luis Flores
|
0-0: Swinging Strike 0-1: Called Strike 0-2: Ball 1-2: Ball 2-2: Strikes out swinging
|
Bottom of the 5th over - 0 runs, 0 hits, 0 errors, 0 left on base; San Diego 2 - Riverside 1 |
TOP OF THE 6TH |
San Diego Smashers batting - Pitching for Riverside Red Bulls : RHP Juan Padilla
|
Batting: RHB Ramón Ramírez
|
0-0: Called Strike 0-1: Ball 1-1: Swinging Strike 1-2: Fly out, F6 (Popup, 6)
|
Batting: RHB Manny Torrez
|
0-0: Called Strike 0-1: Swinging Strike 0-2: Ball 1-2: Ball 2-2: Ball 3-2: Fly out, F9 (Flyball, 9LDF)
|
Batting: RHB Preston Wooten
|
0-0: Ball 1-0: Ball 2-0: SINGLE (Line Drive, 89S)
|
Batting: RHB Gerald Davis
|
0-0: Called Strike 0-1: Ball 1-1: Ball 2-1: Ball 3-1: Base on Balls Preston Wooten to second
|
Pitching: LHP Pepe Gómez
|
|
Batting: LHB Ryan Rheaume
|
0-0: Ball 1-0: Foul Ball, location: 2F 1-1: Foul Ball, location: 2F 1-2: Foul Ball, location: 2F 1-2: Foul Ball, location: 2F 1-2: Ball 2-2: Strikes out swinging
|
Top of the 6th over - 0 runs, 1 hit, 0 errors, 2 left on base; San Diego 2 - Riverside 1 |
BOTTOM OF THE 6TH |
Riverside Red Bulls batting - Pitching for San Diego Smashers : LHP Brock Saunders
|
Batting: RHB Bobby Miller
|
0-0: Ball 1-0: Fly out, F7 (Flyball, 7LM)
|
Batting: LHB Miguel Gálvez
|
0-0: Called Strike 0-1: Ground out 4-3 (Groundball, 4)
|
Batting: LHB Gabriel Estrada
|
0-0: Ground out 4-3 (Groundball, 34)
|
Bottom of the 6th over - 0 runs, 0 hits, 0 errors, 0 left on base; San Diego 2 - Riverside 1 |
TOP OF THE 7TH |
San Diego Smashers batting - Pitching for Riverside Red Bulls : LHP Pepe Gómez
|
Batting: LHB Steven Smith
|
0-0: Ball 1-0: Swinging Strike 1-1: Swinging Strike 1-2: Strikes out looking
|
Batting: RHB Juan García
|
0-0: Swinging Strike 0-1: Ball 1-1: Foul Ball, location: 2F 1-2: Ball 2-2: Strikes out swinging
|
Batting: RHB Ray Rogers
|
0-0: Called Strike 0-1: Ball 1-1: Called Strike 1-2: Ball 2-2: Ball 3-2: Base on Balls
|
Batting: RHB Jake Lawrence
|
0-0: Ball 1-0: Called Strike 1-1: Ball 2-1: Ball 3-1: Base on Balls Ray Rogers to second
|
Batting: RHB Ramón Ramírez
|
0-0: Ball 1-0: Ball 2-0: Ground out 1-3 (Groundball, 15)
|
Top of the 7th over - 0 runs, 0 hits, 0 errors, 2 left on base; San Diego 2 - Riverside 1 |
BOTTOM OF THE 7TH |
Riverside Red Bulls batting - Pitching for San Diego Smashers : LHP Brock Saunders
|
Batting: RHB John Burton
|
0-0: Called Strike 0-1: Ball 1-1: Fly out, F7 (Line Drive, 7S)
|
Batting: RHB Robert Stevens
|
0-0: Called Strike 0-1: Ball 1-1: Ball 2-1: Foul Ball, location: 2F 2-2: Foul Ball, location: 2F 2-2: Foul Ball, location: 2F 2-2: Fly out, F7 (Line Drive, 78M)
|
Batting: LHB Jesús Ferreira
|
0-0: Ground out 5-3 (Groundball, 56)
|
Bottom of the 7th over - 0 runs, 0 hits, 0 errors, 0 left on base; San Diego 2 - Riverside 1 |
TOP OF THE 8TH |
San Diego Smashers batting - Pitching for Riverside Red Bulls : LHP Pepe Gómez
|
Batting: RHB Manny Torrez
|
0-0: Ball 1-0: Foul Ball, location: 2F 1-1: Ball 2-1: Fly out, F7 (Flyball, 78M)
|
Batting: RHB Preston Wooten
|
0-0: Called Strike 0-1: SINGLE (Flyball, 8LS)
|
Batting: RHB Gerald Davis
|
0-0: Called Strike 0-1: Ball 1-1: SINGLE (Line Drive, 6M) Preston Wooten to second
|
Pinch Hitting: RHB Kevin Wilson
|
0-0: Ball 1-0: Ball 2-0: Ball 3-0: Base on Balls Preston Wooten to third Gerald Davis to second
|
Batting: LHB Steven Smith
|
0-0: SINGLE (Groundball, 56D) Preston Wooten scores Gerald Davis to third Kevin Wilson to second Runner from 3rd tries for Home, SAFE, no throw
|
Pitching: RHP Máximo Salazar
|
|
Batting: RHB Juan García
|
0-0: Ball 1-0: Swinging Strike 1-1: DOUBLE (Flyball, 78D) Kevin Wilson scores Steven Smith to third
|
Batting: RHB Ray Rogers
|
0-0: Called Strike 0-1: Swinging Strike 0-2: Ball 1-2: Ball 2-2: Foul Ball, location: 2F 2-2: Foul Ball, location: 2F 2-2: Strikes out swinging
|
Batting: RHB Jake Lawrence
|
0-0: Swinging Strike 0-1: Called Strike 0-2: Ball 1-2: Ball 2-2: Ground out 5-3 (Groundball, 56S)
|
Top of the 8th over - 3 runs, 4 hits, 0 errors, 2 left on base; San Diego 5 - Riverside 1 |
BOTTOM OF THE 8TH |
Riverside Red Bulls batting - Pitching for San Diego Smashers : LHP Brock Saunders
|
Pitching: RHP Maurice Green
|
|
Now in RF: Guillermo Deleón
|
|
Batting: RHB Juan Morales
|
0-0: Called Strike 0-1: Ball 1-1: Fly out, F9 (Flyball, 9LM)
|
Batting: RHB Pete Woods
|
0-0: Reached on error, E4 (Groundball, 4)
|
Batting: RHB Luis Flores
|
0-0: Fly out, F8 (Line Drive, 8LS)
|
Batting: RHB Bobby Miller
|
0-0: Foul Ball, location: 2F 0-1: Swinging Strike Passed Ball! Pete Woods to second 0-2: Ball 1-2: Foul Ball, location: 2F 1-2: Ground out 6-3 (Groundball, 6)
|
Bottom of the 8th over - 0 runs, 0 hits, 1 error, 1 left on base; San Diego 5 - Riverside 1 |
TOP OF THE 9TH |
San Diego Smashers batting - Pitching for Riverside Red Bulls : RHP Máximo Salazar
|
Batting: RHB Ramón Ramírez
|
0-0: Swinging Strike 0-1: Swinging Strike 0-2: Ball 1-2: Ball 2-2: Foul Ball, location: 2F 2-2: Ball 3-2: Strikes out swinging
|
Batting: RHB Manny Torrez
|
0-0: Ball 1-0: Ball 2-0: Foul Ball, location: 2F 2-1: Called Strike 2-2: Foul Ball, location: 2F 2-2: Ball 3-2: Ground out 1-3 (Groundball, 13S)
|
Batting: RHB Preston Wooten
|
0-0: Ball 1-0: Foul Ball, location: 2F 1-1: Swinging Strike 1-2: Strikes out swinging
|
Top of the 9th over - 0 runs, 0 hits, 0 errors, 0 left on base; San Diego 5 - Riverside 1 |
BOTTOM OF THE 9TH |
Riverside Red Bulls batting - Pitching for San Diego Smashers : RHP Maurice Green
|
Batting: LHB Miguel Gálvez
|
0-0: Foul Ball, location: 2F 0-1: Ball 1-1: Called Strike 1-2: Ball 2-2: Foul Ball, location: 2F 2-2: Foul Ball, location: 2F 2-2: Foul Ball, location: 2F 2-2: Foul Ball, location: 2F 2-2: Foul Ball, location: 2F 2-2: Fly out, F8 (Flyball, 8RD)
|
Batting: LHB Gabriel Estrada
|
0-0: Ball 1-0: Foul Ball, location: 2F 1-1: Fly out, F8 (Flyball, 8LD)
|
Batting: RHB John Burton
|
0-0: Called Strike 0-1: Foul Ball, location: 2F 0-2: Fly out, F8 (Flyball, 8RD)
|
Bottom of the 9th over - 0 runs, 0 hits, 0 errors, 0 left on base; San Diego 5 - Riverside 1 |
|